 Dungeon Crawl Stone Soup version 0.19-a0-1168-g98094fc (webtiles) character file.

3716 PurpleRed the Destroyer (level 9, -8/45 HPs)
             Began as a Deep Elf Conjurer on Aug 16, 2016.
             Was a Follower of Vehumet.
             Mangled by a cyan ugly thing (17 damage)
             ... on level 7 of the Dungeon.
             The game lasted 00:32:22 (5848 turns).

PurpleRed the Destroyer (Deep Elf Conjurer)         Turns: 5848, Time: 00:32:22

Health: -8/45      AC:  7    Str:  5    XL:     9   Next: 91%
Magic:  26/33      EV: 12    Int: 24    God:    Vehumet [*.....]
Gold:   268        SH:  0    Dex: 17    Spells: 5 memorised, 14 levels left

rFire  . . .     SeeInvis .     C - +4 quarterstaff (chaos)
rCold  . . .     Gourm    .     j - troll hide
rNeg   . . .     Faith    .     (shield currently unavailable)
rPois  .         Spirit   .     o - +1 helmet
rElec  .         Dismiss  .     D - +2 cloak {MR+}
rCorr  .         Reflect  .     (no gloves)
MR     +....     Harm     .     (no boots)
Stlth  ++........               i - amulet of rage
                                d - +2 ring of dexterity
                                w - ring of magical power

@: no status effects
A: no striking features
a: Renounce Religion, Evoke Berserk Rage


You were on level 7 of the Dungeon.
You worshipped Vehumet.
Vehumet was aware of your devotion.
You were not hungry.

You visited 2 branches of the dungeon, and saw 8 of its levels.
You also visited: Sewer.

You collected 268 gold pieces.

Inventory:

Hand Weapons
 e - a +2 scythe of venom
 f - a +0 blowgun
 C - a +4 quarterstaff of chaos (weapon)
 I - a +1 hunting sling of freezing
Missiles
 l - 43 poisoned needles
 H - 5 poisoned tomahawks (quivered)
 J - 62 sling bullets
Armour
 a - a +0 robe
 j - a troll hide (worn)
 o - a +1 helmet (worn)
 D - a +2 cloak of magic resistance (worn)
 K - a +1 ring mail of fire resistance
Jewellery
 d - a +2 ring of dexterity (right hand)
 i - an amulet of rage (around neck)
 w - a ring of magical power (left hand)
Wands
 k - a wand of iceblast (15/15)
 M - a wand of iceblast (9/15)
Scrolls
 h - 3 scrolls of identify
 n - 2 scrolls of remove curse
 q - 2 scrolls of teleportation
 y - a scroll of blinking
 F - a scroll of magic mapping
Potions
 g - 3 potions of might
 m - 5 potions of heal wounds
 p - a potion of invisibility
 r - 4 potions of brilliance
 s - a potion of mutation
 t - a potion of ambrosia
 v - a potion of agility {unknown}
 z - 9 potions of curing
 E - 2 potions of flight
 G - a potion of lignification
Books
 b - a book of Conjurations

   Spells                             Type                      Level
   a - Magic Dart                     Conjuration                  1
   b - Searing Ray                    Conjuration                  2
   c - Dazzling Spray                 Conjuration/Hexes            3
   d - Fulminant Prism                Conjuration/Hexes            4
   e - Iskenderun's Mystic Blast      Conjuration                  4
   f - Iskenderun's Battlesphere      Conjuration/Charms           5
 u - a book of Misfortune

   Spells                             Type                      Level
   a - Confusing Touch                Hexes                        1
   b - Confuse                        Hexes                        3
   c - Gell's Gravitas                Hexes/Translocation          3
   d - Petrify                        Transmutation/Earth          4
   e - Metabolic Englaciation         Hexes/Ice                    5
   f - Yara's Violent Unravelling     Hexes/Transmutation          5
Comestibles
 c - 8 bread rations
 x - 3 meat rations
 A - 2 beef jerkies
 B - 6 slices of pizza
 L - 2 chunks of flesh


   Skills:
 - Level 2.4 Dodging
 - Level 2.4 Stealth
 + Level 9.9 Spellcasting
 * Level 12.1 Conjurations
 - Level 8.6 Charms
 + Level 0.7 Fire Magic


You had 14 spell levels left.
You knew the following spells:

 Your Spells              Type           Power        Failure   Level  Hunger
a - Magic Dart            Conj           ####         1%          1    None
b - Searing Ray           Conj           ######       1%          2    None
c - Iskenderun's Battles  Conj/Chrm      ######..     4%          5    ####...
d - Iskenderun's Mystic   Conj           ######..     1%          4    #......
e - Flame Tongue          Conj/Fire      #####        1%          1    None


Dungeon Overview and Level Annotations

Branches:
Dungeon (7/15)             Temple (1/1) D:5

Altars:
Ashenzari
Cheibriados
Dithmenos
Elyvilon
Fedhas
Gozag
Hepliaklqana
Kikubaaqudgha
Makhleb
Nemelex Xobeh
Okawaru
Pakellas
Qazlal
Ru
Sif Muna
Trog
Uskayaw
Vehumet
Xom
Yredelemnul
Zin
The Shining One


Message History

The searing ray hits the crimson imp.
The crimson imp is lightly wounded.
Your battlesphere wavers and loses cohesion.
The cyan ugly thing trunk-slaps you. The cyan ugly thing shocks you!
Casting: Searing Ray
Confirm with . or Enter, or press ? or * to list all spells.
You conjure a globe of magical energy.
The cyan ugly thing trunk-slaps you! The cyan ugly thing shocks you!
* * * LOW HITPOINT WARNING * * *
The cyan ugly thing barely misses you. The crimson imp hits your battlesphere.
Things that are here:
a trident; a plate armour The cyan ugly thing closely misses you.
The crimson imp blinks!
You see here a sky beast corpse.
The cyan ugly thing trunk-slaps you!
* * * LOW HITPOINT WARNING * * *
The cyan ugly thing shocks you!
You die...

#..#..# #.#.#...
#####..#..# #.#.....
#....5.#..# #.#.....
#......#..# #.#....#
#..#####..#####..#.#.####
#......#..#......#.#.#
#......#..#......#...#
#####..#..#..#####.#.####
#......#@.#..... #<#.....
#......#u.#......#.#.....
#..#####5.#####..#.......
#......#*.#......#.......
#......#..#......#.......
#####..#..#..#####...#'##
#......#..#..... #.#.#.#
#......#..#......#.#...#
#..#####..#####..#.#...#


You could see a cyan ugly thing, a crimson imp and a friendly battlesphere.

Vanquished Creatures
  Joseph (D:7)
  A troll (D:5)
  The ghost of Guenter the Skirmisher, an amateur TeWn of Okawaru (D:4)
  Sigmund (D:2)
  A human (D:7)
  A hog (D:7)
  Duvessa (D:4)
  An ice beast (D:5)
  A sky beast (D:7)
  3 orc warriors
  An ogre (D:6)
  A centaur (D:5)
  6 big kobolds
  Blork the orc (D:4)
  2 giant frogs (D:6)
  Dowan (D:4)
  A scorpion (D:4)
  A crimson imp (D:7)
  2 giant frog zombies (D:7)
  4 hounds (D:4)
  3 orc priests
  6 orc wizards
  Crazy Yiuf (D:4)
  Natasha (thrice) (D:4)
  An iguana (D:4)
  5 worker ants
  3 sheep (D:7)
  A hound skeleton (D:6)
  3 worker ant zombies
  Robin (D:3)
  A howler monkey zombie (D:5)
  8 adders
  5 river rats (Sewer)
  2 shadow imps (D:7)
  2 oozes
  An adder skeleton (D:4)
  2 worms
  4 dart slugs
  A giant gecko (D:3)
  17 orcs
  5 ball pythons
  3 giant cockroaches
  19 goblins
  8 hobgoblins
  2 jackals (D:6)
  5 quokkas
  7 bats
  A giant cockroach zombie (D:6)
  7 giant newts
  16 kobolds
  A quokka skeleton (D:7)
  26 rats
202 creatures vanquished.

Notes
Turn   | Place    | Note
-------+----------+-------------------------------------------
     0 | D:1      | PurpleRed the Deep Elf Conjurer began the quest for the Orb.
     0 | D:1      | Reached XP level 1. HP: 10/10 MP: 6/6
   232 | D:1      | Reached XP level 2. HP: 15/15 MP: 2/8
   263 | D:1      | Learned a level 2 spell: Searing Ray
   323 | D:1      | Reached skill level 5 in Conjurations
   918 | D:2      | Reached XP level 3. HP: 19/19 MP: 6/10
  1008 | D:2      | Found a faded altar of an unknown god.
  1261 | D:2      | Found a stormy altar of Qazlal.
  1479 | D:2      | Noticed Sigmund
  1493 | D:2      | Killed Sigmund
  1493 | D:2      | Reached skill level 6 in Conjurations
  1493 | D:2      | Reached XP level 4. HP: 4/24 MP: 1/12
  1493 | D:2      | Reached XP level 5. HP: 4/28 MP: 1/14
  1627 | D:3      | Reached skill level 5 in Spellcasting
  1628 | D:3      | Noticed Robin
  1640 | D:3      | Killed Robin
  1684 | D:3      | Reached skill level 7 in Conjurations
  1970 | D:3      | Learned a level 5 spell: Iskenderun's Battlesphere
  1975 | D:3      | Learned a level 4 spell: Iskenderun's Mystic Blast
  2090 | D:3      | Reached XP level 6. HP: 32/32 MP: 15/15
  2267 | D:4      | Noticed Natasha
  2270 | D:4      | Killed Natasha
  2270 | D:4      | Reached skill level 1 in Charms
  2301 | D:4      | Noticed Dowan
  2308 | D:4      | Killed Dowan
  2318 | D:4      | Noticed Duvessa
  2322 | D:4      | Noticed Natasha
  2324 | D:4      | Killed Duvessa
  2325 | D:4      | Killed Natasha
  2343 | D:4      | Reached XP level 7. HP: 4/36 MP: 8/17
  2423 | D:4      | Noticed Natasha
  2430 | D:4      | Killed Natasha
  2475 | D:4      | Reached skill level 8 in Conjurations
  2708 | D:4      | Noticed Guenter's ghost (amateur TeWn)
  2754 | D:4      | Killed Guenter's ghost
  2851 | D:4      | Found a runed door.
  2856 | D:4      | Noticed Crazy Yiuf
  2860 | D:4      | Killed Crazy Yiuf
  3209 | D:4      | Reached skill level 9 in Conjurations
  3209 | D:4      | Reached XP level 8. HP: 41/41 MP: 20/20
  3233 | D:4      | Noticed Blork the orc
  3241 | D:4      | Killed Blork the orc
  3288 | D:5      | Entered Level 5 of the Dungeon
  3327 | D:5      | Reached skill level 5 in Charms
  3411 | D:5      | Noticed a troll
  3417 | D:5      | Killed a troll
  3559 | D:5      | Found a glowing drain.
  3564 | Sewer    | Entered a sewer
  3666 | Sewer    | Reached skill level 10 in Conjurations
  4186 | D:5      | Found a staircase to the Ecumenical Temple.
  4196 | Temple   | Entered the Ecumenical Temple
  4305 | Temple   | Became a worshipper of Vehumet
  4359 | D:5      | Reached XP level 9. HP: 41/45 MP: 23/23
  4690 | D:6      | Found a burning altar of Makhleb.
  4697 | D:6      | Found a sparkling altar of Nemelex Xobeh.
  5077 | D:6      | Reached skill level 11 in Conjurations
  5361 | D:7      | Reached * piety under Vehumet
  5361 | D:7      | Offered knowledge of Flame Tongue by Vehumet.
  5364 | D:7      | Learned a level 1 spell: Flame Tongue
  5439 | D:7      | Noticed Joseph
  5502 | D:7      | Killed Joseph
  5700 | D:7      | Reached skill level 12 in Conjurations
  5814 | D:7      | Noticed a cyan ugly thing
  5848 | D:7      | Mangled by a cyan ugly thing

Vault maps used:
D:1:      dpeg_arrival_arbitrary_a, hangedman_feature_mirror,
          minmay_tromino_v4_a
D:2:      ecumenical_altar_2, grunt_ministairs_7, grunt_qazlal_clouds,
          uniq_sigmund
D:3:      uniq_robin
D:4:      uniq_crazy_yiuf_cottage, uniq_natasha, uniq_duvessa,
          uniq_blork_the_orc
D:5:      lightli_sewer_entry_pipes, first_bread
D:6:      makhleb_altar_promises_db, minivault_4, nemelex_diamond_rough_becter
D:7:      kennysheep_windowed_halls, grunt_livestock, uniq_joseph
Temple:   kilobyte_greek_temple
Sewer:    sewer_minmay_treatment

Skill      XL: |  1  2  3  4  5  6  7  8  9 |
---------------+----------------------------+-----
Conjurations   | 5 6 7 9 10 12 | 12.1
Spellcasting   | 4 5 6 8 9 |  9.9
Charms         | 2 4 6 8 |  8.6
Dodging        | |  2.4
Stealth        | |  2.4
Fire Magic     | |  0.7

Action                   |  1- 3 |  4- 6 |  7- 9 || total
-------------------------+-------+-------+-------++-------
Melee: Dagger            |     7 |       |       ||     7
       Scythe            |       |     9 |    28 ||    37
       Quarterstaff      |       |       |     4 ||     4
 Cast: Magic Dart        |    84 |    46 |   149 ||   279
       Searing Ray       |     3 |     6 |    24 ||    33
       Iskenderun's Batt |       |     1 |    40 ||    41
       Iskenderun's Myst |       |       |     4 ||     4
  Use: Potion            |       |     3 |     2 ||     5
       Scroll            |       |     2 |    16 ||    18
  Eat: Chunk             |     1 |     3 |    20 ||    24
       Pizza             |       |       |     1 ||     1
Armor: Robe              |    16 |     1 |    23 ||    40
Dodge: Dodged            |    38 |     9 |    44 ||    91
